AoeStats
← 騷護士

Coastal Forest

510450230Analyzed
4v4 RM · 3d ago on Oct 1, 2026· 33m 47s· 8 players
Game mode
Random Map
Map size
Large (8 player)
Population
200
Speed
Normal
Resources
Standard
Victory
Conquest
Starting age
Dark Age
Ending age
Imperial Age
RankedLock teamsTeams togetherTeam positionsShared explorationLock speedFull tech treeHidden civsTurbo modeCheats
Victory
Defeat
🇯🇵 Franks · Japan
1589
+13
🇦🇷 Magyars · Argentina
1517
+16
🇧🇷 Sicilians · Brazil
1509
+16
🇯🇵 Mongols · Japan
1483
+17
🇲🇽 Khmer · Mexico
1647
-21
🇹🇼 Romans · Taiwan
1544
-17
🇲🇽 Mongols · Mexico
1476
-14
🇲🇽 Malians · Mexico
1378
-10
Santo Enmascarado
3:31 Loom
8:44 Feudal Age
22:47 Double-Bit Axe
30:10 Wheelbarrow
33:03 Castle Age
33:19 Fletching
DLM15
5:36 Loom
8:42 Feudal Age
9:25 Double-Bit Axe
19:00 Horse Collar
23:47 Scale Barding Armor
26:22 Castle Age
25:05 Forging
25:46 Bloodlines
25:52 Gold Mining
27:18 Scale Barding Armor
27:31 Bow Saw
27:56 Heavy Plow
31:10 Wheelbarrow
32:10 Chain Barding Armor
32:19 Husbandry
The Lord Daniel
7:09 Loom
8:59 Feudal Age
7:15 Loom
9:50 Double-Bit Axe
13:39 Horse Collar
16:35 Forging
17:50 Scale Barding Armor
20:56 Castle Age
19:28 Fishing Lines
21:09 Light Cavalry
22:10 Chain Barding Armor
23:18 Bow Saw
23:08 Gillnets
25:54 Fletching
27:34 Bodkin Arrow
34:03 Wheelbarrow
騷護士
6:55 Loom
12:26 Feudal Age
16:41 Castle Age
16:10 Fishing Lines
16:36 Gold Mining
17:13 Double-Bit Axe
18:12 Wheelbarrow
23:20 Bow Saw
28:49 Hand Cart
33:59 Imperial Age
32:35 Ballistics
happikon.6139
5:56 Loom
8:20 Feudal Age
9:39 Double-Bit Axe
9:51 Horse Collar
15:08 Wheelbarrow
20:07 Castle Age
18:35 Bloodlines
18:26 Gold Mining
20:10 Forging
20:13 Scale Barding Armor
21:06 Bow Saw
25:45 Town Watch
26:23 Husbandry
29:30 Fletching
30:02 Stone Mining
30:30 Husbandry
31:05 Heavy Plow
31:43 Stone Shaft Mining
31:40 Ballistics
32:54 Hand Cart
33:36 Bodkin Arrow
33:41 Padded Archer Armor
Lauti
6:24 Loom
9:18 Feudal Age
9:44 Double-Bit Axe
10:23 Horse Collar
17:20 Bloodlines
21:01 Scale Barding Armor
24:52 Castle Age
23:47 Gold Mining
25:37 Husbandry
24:58 Light Cavalry
28:35 Chain Barding Armor
32:14 Wheelbarrow
33:47 Hand Cart
33:35 Town Watch
toyoruku
10:31 Feudal Age
14:16 Castle Age
12:35 Double-Bit Axe
14:55 Loom
17:12 Wheelbarrow
17:18 Bow Saw
23:05 Hand Cart
24:01 Stone Mining
24:05 Gold Mining
25:30 Town Watch
26:32 Gold Shaft Mining
29:20 Imperial Age
27:48 Scale Barding Armor
28:38 Forging
28:49 Chain Barding Armor
28:32 Husbandry
30:31 Iron Casting
29:25 Cavalier
30:31 Conscription
31:03 Plate Barding Armor
30:40 Chivalry
31:08 Paladin
PoopMaster
2:44 Loom
Connection lost

Rejoining the realm…

Still unreachable

The connection could not be restored.

Session expired

The server has moved on; the page needs a fresh start.